 Dungeon Crawl Stone Soup version 0.31-a0-960-g0fca184906 (webtiles) character file.

Game seed: 13038235207096007785

74960 BinkBink the Marksspriggan (level 15, -8/84 HPs)
             Began as a Spriggan Hunter on Oct 23, 2023.
             Was the Champion of Dithmenos.
             Succumbed to Nessos's poison
             ... on level 12 of the Dungeon.
             The game lasted 00:47:21 (25413 turns).

BinkBink the Marksspriggan (Spriggan Hunter)       Turns: 25413, Time: 00:47:24

Health: -8/84      AC:  3    Str:  7    XL:     15   Next: 8%
Magic:  1/14       EV: 24    Int: 11    God:    Dithmenos [******]
Gold:   1406       SH:  0    Dex: 26    Spells: 14/14 levels left

rFire   . . .        J - +9 shortbow (flame)
rCold   . . .        (shield currently unavailable)
rNeg    . . .        c - +0 robe
rPois   .            (helmet restricted)
rElec   .            F - +0 cloak
rCorr   .            (gloves unavailable)
SInv    +            (boots unavailable)
Will    ++...        D - amulet of guardian spirit Stlth ***+++++++
                     f - ring of flight
HPRegen 0.34/turn    M - +5 ring of evasion
MPRegen 0.14/turn

%: guardian spirit
@: lethally poisoned (-8 -> -38), flying, wreathed by umbra, very quick
A: very small, no large weapons, unfitting armour, see invisible, speed 3, low
MP 1
a: Renounce Religion, Shadow Step, Shadow Form


You were on level 12 of the Dungeon.
You worshipped Dithmenos.
Dithmenos was exalted by your worship.
You visited 3 branches of the dungeon, and saw 19 of its levels.
You also visited: Bailey and Ice Cave.

You collected 1880 gold pieces.
You spent 474 gold pieces at shops.

Inventory:

Hand Weapons
 a - the +10 orcbow of the Haunted God {heavy, rElec rN+}
   (You acquired it on level 9 of the Dungeon)

   rElec:     It insulates you from electricity.
   rN+:       It protects you from negative energy.
 g - a +4 scimitar
 J - a +9 shortbow of flaming (weapon)
 V - a +3 dagger of freezing
Missiles
 B - 2 throwing nets
Armour
 c - a +0 robe (worn)
 F - a +0 cloak (worn)
 K - a +0 troll leather armour
 U - a scarf of resistance
Jewellery
 d - an amulet of regeneration
 f - a ring of flight (left hand)
 D - an amulet of guardian spirit (around neck)
 G - an amulet of magic regeneration
 M - a +5 ring of evasion (right hand)
 P - an amulet of faith
Wands
 t - a wand of flame (97)
 u - a wand of mindburst (10)
 y - a wand of polymorph (17)
 E - a wand of light (5)
 R - a wand of paralysis (16)
Scrolls
 b - a scroll of butterflies
 e - 3 scrolls of poison
 h - 4 scrolls of noise
 i - 3 scrolls of fog
 n - 4 scrolls of immolation
 p - 3 scrolls of revelation
 r - 2 scrolls of vulnerability
 s - 2 scrolls of amnesia
 v - 4 scrolls of teleportation
 A - 2 scrolls of fear
 C - a scroll of blinking
 L - a scroll of acquirement
 S - a scroll of summoning
 T - a scroll of enchant armour
Potions
 j - a potion of mutation
 k - 3 potions of magic
 l - 3 potions of degeneration
 m - 4 potions of enlightenment
 o - 2 potions of invisibility {unknown}
 q - 3 potions of brilliance
 w - 4 potions of might
 x - 2 potions of attraction {unknown}
 z - 4 potions of curing
 H - 3 potions of berserk rage {unknown}
 I - 2 potions of resistance
 N - 7 potions of ambrosia
 O - 4 potions of haste


   Skills:
 + Level 11.8 Fighting
 * Level 19.3 Ranged Weapons
 - Level 7.0 Armour
 + Level 3.2 Dodging
 + Level 15.1 Stealth


You had 14 spell levels left.
You didn't know any spells.
Your spell library contained the following spells:

 Spells                   Type           Power      Damage    Failure   Level
 Sandblast                Erth           0%         2d4       34%         1
 Shock                    Conj/Air       0%         1d3       34%         1
 Call Imp                 Summ           0%         N/A       47%         2
 Cigotuvi's Dreadful Rot  Necr/Pois/Air  0%         N/A       47%         2
 Ensorcelled Hibernation  Hex/Ice        0%         N/A       47%         2
 Jinxbite                 Hex            0%         N/A       47%         2
 Passwall                 Tmut/Erth      0%         N/A       47%         2
 Ignite Poison            Fire/Tmut/Pois 0%         N/A       71%         3
 Inner Flame              Hex/Fire       0%         N/A       71%         3
 Stone Arrow              Conj/Erth      0%         3d7       71%         3
 Swiftness                Air            0%         N/A       71%         3
 Volatile Blastmotes      Fire/Tloc      0%         2d10      71%         3
 Airstrike                Air            0%         2d(0-16)  98%         4
 Anguish                  Hex/Necr       0%         N/A       98%         4
 Animate Dead             Necr           0%         N/A       98%         4
 Brom's Barrelling Bould  Conj/Erth      0%         2d3       98%         4
 Dimensional Bullseye     Hex/Tloc       0%         N/A       98%         4
 Fulminant Prism          Conj/Hex       0%         3d5       98%         4
 Iskenderun's Mystic Bla  Conj/Tloc      0%         2d3       98%         4
 Borgnjor's Vile Clutch   Necr/Erth      0%         N/A       100%        5
 Freezing Cloud           Conj/Ice/Air   0%         6-21      100%        5
 Conjure Ball Lightning   Conj/Air       0%         3x3d6     100%        6
 Death Channel            Necr           0%         N/A       100%        6
 Haunt                    Necr/Summ      0%         N/A       100%        7
 Discord                  Hex            0%         N/A       100%        8
 Disjunction              Tloc           0%         N/A       100%        8


Dungeon Overview and Level Annotations

Branches:
Dungeon (13/15)            Temple (1/1) D:5            Lair (5/5) D:8
 Shoals (0/4) Lair:2        Snake (0/4) Lair:2        Slime (0/5) Lair:5
    Orc (0/2) D:12         Bailey (visited)           IceCv (visited)
 Vaults: D:13-14

Altars:
Ashenzari
Cheibriados
Dithmenos
Elyvilon
Fedhas
Gozag
Hepliaklqana
Kikubaaqudgha
Makhleb
Nemelex Xobeh
Okawaru
Qazlal
Ru
Sif Muna
Trog
Uskayaw
Vehumet
Wu Jian
Xom
Yredelemnul
Zin
The Shining One
Jiyva
Lugonu

Shops:
D:9 (

Portals:
Abyss: Lair:5

Annotations:
D:8 2 runed translucent doors
D:13 Nessos


Innate Abilities, Weirdness & Mutations

You are very small and have problems with some larger weapons.
You are too small for most types of armour.
You have supernaturally acute eyesight. (SInv)
You cover ground extremely quickly. (Speed+++)
Your magical capacity is low. (-10% MP)


Message History

You shoot an arrow. The arrow hits Nessos.
The arrow burns Nessos.
Nessos is lightly wounded.
Nessos casts a spell.
Nessos blinks!
Nessos pounds the earth with their hooves.
Nessos wields a +3 longbow of flaming.
It bursts into flame!
Nessos shoots an arrow.
The arrow hits you!! The arrow burns you!
You are poisoned.
You shoot an arrow. The arrow hits Nessos!
The arrow burns Nessos.
Nessos is lightly wounded.
Your shadow shoots an arrow.
The arrow hits Nessos but does no damage.
You feel extremely sick.
Nessos shoots an arrow.
The arrow closely misses you.
You shoot an arrow. The arrow hits Nessos!
The arrow burns Nessos.
Nessos is moderately wounded.
You emit a cloud of dark smoke.
You feel very sick.
Nessos shoots an arrow.
The arrow completely misses you.
Nessos shoots an arrow.
The arrow hits you!!
* * * LOW HITPOINT WARNING * * *
The arrow burns you.
* * * LOW HITPOINT WARNING * * *
Blink to where?
Press: ? - help, Dir - move target, p - Nessos
As you read the scroll of blinking, it crumbles to dust.
* * * LOW HITPOINT WARNING * * *
You feel extremely sick.
* * * LOW HITPOINT WARNING * * *
You feel very sick.
You feel better.
There is a stone staircase leading up here.
Nessos shoots an arrow.
The arrow hits you!!
* * * LOW HITPOINT WARNING * * *
You emit a cloud of dark smoke.
The arrow burns you!
You are lethally poisoned!
* * * LOW HITPOINT WARNING * * *
Nessos shoots an arrow.
The arrow completely misses you.
You fly upwards.
You die...

#..........#.###°#....#
#....#.....#...#°#.##.#
#....#####.....#.#.##.#
#....#####.#####.#....#
####.[...#.# #.p..°#..#
#####.#.# #.#...°°.#
#..#.# #.#...##.#
#########..#.###.#......#
................@#.####.#
#########.....##.#....○.#
...#
##....##.#####°.#####
.#.# #....##.# #°.....#
.#.# #....##.# ###°..##.#
##.# #######.# #.....##.#
#.# ######.# #.#.#.##.#
#.########...##.#
#.#.#.##.#
##............##.#
#.#.#....#


You could see a neutral human (wandering).

Vanquished Creatures
  Kirke (D:12)
  A frost giant (IceCv)
  2 hydras
  A catoblepas (Lair:5)
  2 boulder beetles
  17 death yaks
  3 two-headed ogres
  3 thrashing horrors (Lair:5)
  Sonja (Lair:3)
  A lindwurm (Lair:3)
  A necromancer (Lair:4)
  Pikel (D:7)
  3 deep elf pyromancers
  6 ugly things
  An ice statue (IceCv)
  A smoke demon (Lair:5)
  4 elephants (Lair:3)
  8 black mambas
  A gargoyle (D:11)
  9 cane toads
  2 unseen horrors (D:12)
  15 komodo dragons
  2 ice devils (Lair:1)
  A queen bee (D:11)
  A hornet (D:10)
  8 polar bears
  7 trolls
  A raiju (Lair:5)
  14 blink frogs
  10 dream sheep
  Sigmund (D:2)
  12 slime creatures (D:12)
  2 ynoxinuls (Lair:5)
  A shadow (D:11)
  4 wraiths
  3 hogs (D:12)
  5 wyverns
  10 small abominations (Lair:5)
  8 basilisks
  84 yaks
  3 chaos spawn (Lair:5)
  4 vampire mosquitoes (D:11)
  Menkaure (D:7)
  2 large abominations (Lair:5)
  2 wargs (D:8)
  12 water moccasins
  3 black bears
  12 orc warriors
  An ice beast (D:6)
  2 sky beasts
  3 ogres
  3 elephant zombies (Lair:4)
  34 wolves
  A phantom (D:5)
  3 kobold brigands
  3 komodo dragon zombies (Lair:4)
  8 bullfrogs
  2 gnoll sergeants
  14 wights
  30 killer bees
  A howler monkey (D:9)
  7 electric eels
  2 jellies
  2 hounds
  Crazy Yiuf (D:5)
  10 orc priests
  A gnoll bouda (D:8)
  Ijyb (D:5)
  Terence (D:2)
  16 iguanas
  15 orc wizards
  13 gnolls
  7 adders
  2 white imps
  8 ufetubi
  A worm (D:2)
  4 dart slugs
  61 orcs
  5 bats
  5 endoplasms
  2 giant cockroaches
  13 hobgoblins
  3 quokkas
  9 ball pythons
  3 frilled lizards
  9 goblins
  38 kobolds
  3 rats
644 creatures vanquished.

Vanquished Creatures (others)
  A human (D:12)
  An adder (D:6)
2 creatures vanquished.

Grand Total: 646 creatures vanquished

Notes
Turn   | Place    | Note
-------+----------+-------------------------------------------
     0 | D:1      | BinkBink the Spriggan Hunter began the quest for the Orb.
     0 | D:1      | Reached XP level 1. HP: 10/10 MP: 2/2
   211 | D:1      | Reached XP level 2. HP: 15/15 MP: 3/3
   441 | D:1      | Reached XP level 3. HP: 18/18 MP: 4/4
   742 | D:2      | Noticed Sigmund
   835 | D:2      | Reached skill level 5 in Ranged Weapons
  1048 | D:2      | Reached XP level 4. HP: 23/23 MP: 5/5
  1491 | D:2      | Noticed Terence
  1541 | D:2      | Killed Terence
  2113 | D:3      | Reached XP level 5. HP: 27/27 MP: 6/6
  2253 | D:3      | Found a burning altar of Makhleb.
  2623 | D:4      | Noticed a black bear
  3104 | D:4      | Reached skill level 6 in Ranged Weapons
  3237 | D:4      | Killed a black bear
  3238 | D:4      | Reached XP level 6. HP: 17/32 MP: 7/7
  3670 | D:4      | Reached skill level 7 in Ranged Weapons
  4028 | D:5      | Entered Level 5 of the Dungeon
  4071 | D:5      | Reached XP level 7. HP: 25/37 MP: 8/8
  4203 | D:5      | Found a runed translucent door.
  4204 | D:5      | Noticed Crazy Yiuf
  4218 | D:5      | Found a staircase to the Ecumenical Temple.
  4219 | D:5      | Found a snail-covered altar of Cheibriados.
  4228 | Temple   | Entered the Ecumenical Temple
  4231 | Temple   | Became a worshipper of Dithmenos the Shadowed
  4238 | D:5      | Noticed Ijyb
  4281 | D:5      | Killed Ijyb
  4344 | D:5      | Identified the +10 hand axe of the Nice God {freeze,
                  | Will++}
  4866 | D:6      | Reached skill level 8 in Ranged Weapons
  4955 | D:6      | Reached XP level 8. HP: 42/42 MP: 9/9
  5419 | D:6      | Reached skill level 9 in Ranged Weapons
  5456 | D:6      | Reached skill level 5 in Fighting
  5691 | D:6      | Found an ornate altar of the Wu Jian Council.
  6406 | D:7      | Noticed Pikel
  6456 | D:7      | Killed Pikel
  6457 | D:7      | Reached skill level 10 in Ranged Weapons
  6612 | D:7      | Reached XP level 9. HP: 38/48 MP: 10/10
  6615 | D:7      | Reached * piety under Dithmenos
  6861 | D:7      | Noticed Menkaure
  6873 | D:7      | Killed Menkaure
  6878 | D:7      | Gained mutation: Your magical capacity is low. (-10% MP)
                  | [potion of mutation]
  6979 | D:7      | Found a flagged portal.
  7020 | Bailey   | Entered a bailey
  7312 | Bailey   | Reached skill level 11 in Ranged Weapons
  7584 | Bailey   | Reached ** piety under Dithmenos
  8906 | D:8      | Identified the "Yradueny"
  8968 | D:8      | Found a hide-covered altar of Uskayaw.
  8982 | D:8      | Reached skill level 12 in Ranged Weapons
  8985 | D:8      | Found a runed translucent door.
  9310 | D:8      | Reached XP level 10. HP: 44/55 MP: 7/10
  9413 | D:8      | Reached *** piety under Dithmenos
 10454 | D:8      | Found a runed translucent door.
 10563 | D:8      | Reached skill level 13 in Ranged Weapons
 10693 | D:8      | Found a staircase to the Lair.
 10838 | D:9      | Found Weanuuf's Weapon Shoppe.
 10842 | D:9      | Bought a +8 shortbow of flaming for 474 gold pieces
 10844 | D:9      | Identified a scroll of acquirement
 10844 | D:9      | Acquired the +10 orcbow of the Haunted God {heavy, rElec
                  | rN+}
 11590 | D:10     | Entered Level 10 of the Dungeon
 11773 | D:10     | Reached skill level 14 in Ranged Weapons
 11780 | D:10     | Reached **** piety under Dithmenos
 12230 | D:10     | Reached XP level 11. HP: 60/60 MP: 10/10
 13148 | D:11     | Noticed a two-headed ogre
 13151 | D:11     | Reached skill level 1 in Armour
 13159 | D:11     | Killed a two-headed ogre
 14362 | D:11     | Reached skill level 5 in Stealth
 14982 | D:11     | Reached skill level 15 in Ranged Weapons
 15299 | D:12     | Noticed a boulder beetle
 15527 | D:12     | Noticed a brown ugly thing
 15699 | D:8      | Reached ***** piety under Dithmenos
 15875 | D:2      | Killed Sigmund
 16008 | D:5      | Killed Crazy Yiuf
 16126 | Lair:1   | Entered Level 1 of the Lair of Beasts
 16361 | Lair:1   | Reached XP level 12. HP: 64/66 MP: 8/11
 16724 | Lair:1   | Found a frozen archway.
 16737 | Lair:1   | Reached skill level 16 in Ranged Weapons
 16743 | IceCv    | Entered an ice cave
 17262 | IceCv    | Reached skill level 10 in Fighting
 17356 | IceCv    | Noticed a death yak
 17358 | IceCv    | Noticed a death yak
 17359 | IceCv    | Noticed a death yak
 17385 | IceCv    | Killed a death yak
 17657 | IceCv    | Killed a death yak
 17658 | IceCv    | Reached skill level 10 in Stealth
 17681 | IceCv    | Killed a death yak
 17737 | IceCv    | Noticed a death yak
 17768 | IceCv    | Killed a death yak
 18222 | IceCv    | Reached XP level 13. HP: 72/72 MP: 10/12
 18245 | IceCv    | Noticed a frost giant
 18529 | IceCv    | Killed a frost giant
 18530 | IceCv    | Reached skill level 5 in Armour
 18896 | Lair:2   | Found a staircase to the Snake Pit.
 18993 | Lair:2   | Reached skill level 17 in Ranged Weapons
 19244 | Lair:2   | Found a staircase to the Shoals.
 19397 | Lair:2   | Reached ****** piety under Dithmenos
 20469 | Lair:3   | Noticed Sonja
 20735 | Lair:3   | Killed Sonja
 21673 | Lair:4   | Reached XP level 14. HP: 77/77 MP: 11/13
 21684 | Lair:4   | Reached skill level 18 in Ranged Weapons
 22012 | Lair:5   | Entered Level 5 of the Lair of Beasts
 22556 | Lair:5   | Found a viscous altar of Jiyva.
 22799 | Lair:5   | Found a staircase to the Slime Pits.
 23783 | Lair:5   | Reached skill level 19 in Ranged Weapons
 23807 | Lair:5   | Found a corrupted altar of Lugonu.
 23807 | Lair:5   | Found a one-way gate to the infinite horrors of the Abyss.
 24495 | D:12     | Noticed Kirke
 24545 | D:12     | Killed Kirke
 24784 | D:12     | Found a staircase to the Orcish Mines.
 24874 | D:12     | Reached skill level 15 in Stealth
 24874 | D:12     | Reached XP level 15. HP: 84/84 MP: 14/14
 25401 | D:13     | Noticed Nessos
 25412 | D:13     | HP: 1/84 [Nessos/arrow (6)]
 25413 | D:12     | Succumbed to Nessos's poison

Illustrated notes

Levels and vault maps discovered:
D:1:      dpeg_arrival_erosion, layout_basic, minmay_octomino_j4
D:2:      layout_rooms, nicolae_figureground_sparkle, uniq_terence, uniq_sigmund
D:3:      layout_loops_corners, bloody_makhleb
D:4:      layout_loops_ring
D:5:      layout_basic, amcnicky_altar_gilded,
          minmay_temple_entry_statues_fountains, uniq_ijyb,
          uniq_crazy_yiuf_cottage
D:6:      layout_basic, kennysheep_mini_moat, serial_bayou_ford_a,
          feat_on_display
D:7:      layout_loops_ring, enter_bailey_4, st_stairs_10, grunt_decor_cap,
          minmay_a_box_with_orc_wizards_in_it, uniq_pikel, uniq_menkaure
D:8:      cheibrodos_histonic, layout_gridville, nicolae_uskayaw_dance_hall,
          erik_lair_orcish_takeover
D:9:      layout_roguey, serial_shops, shop
D:10:     layout_loops_ring, dreamdust_princess_corridor
D:11:     layout_long_grid, special_room [special_room_bee]
D:12:     layout_basic, david_orc_3, uniq_kirke
D:13:     layout_small_grid, grunt_gozag_statues, uniq_nessos
Temple:   dpeg_three_leaves_temple
Lair:1:   layout_big_grid, portal_ice_cave_demonic_guard,
          chequers_serial_rivers_micro_e, grunt_megastairs_2
Lair:2:   beast_lair_carwin_large_4, layout_small_grid,
          elwin_shoals_entry_rocks, dummy_snake_entry, serial_bayou_shore_a,
          serial_bayou_shore_b
Lair:3:   layout_small_grid, uniq_sonja
Lair:4:   pond_and_an_island_with_a_cottage, layout_layer_cave, minivault_23
Lair:5:   hellmonk_lair_end_abyssal_woods, layout_regular_city, slime_entry_1,
          grunt_megastairs_5

Skill      XL: |  1  2  3  4  5  6  7  8  9 10 11 12 13 14 15 |
---------------+----------------------------------------------+-----
Fighting       | 2 3 4 5 7 8 9 10 11 | 11.8
Ranged Weapons | 5 6 7 8 10 12 14 15 16 17 19 | 19.3
Stealth        | 7 10 12 15 | 15.1
Armour         | 3 4 6 7 |  7.0
Dodging        | 3 |  3.2

Action                     |  1- 3 |  4- 6 |  7- 9 | 10-12 | 13-15 || total
---------------------------+-------+-------+-------+-------+-------++-------
   Fire: Shortbow          |    95 |   225 |   633 |  1026 |  1084 ||  3063
    Use: Scroll            |       |       |     9 |     5 |     7 ||    21
         Potion            |       |       |     5 |       |     3 ||     8
 Armour: Robe              |     9 |    23 |    71 |    36 |    23 ||   162
         Troll leather arm |       |       |       |    58 |    67 ||   125
  Dodge: Dodged            |    14 |    52 |   180 |   249 |   181 ||   676

Table legend: (Time is in decaauts)
 A = Elapsed time spent in this place.
 B = Non-inter-level travel time spent in this place.
 C = Inter-level travel time spent in this place.
 D = Time resting spent in this place.
 E = Time spent auto-exploring this place.
 F = Levels seen in this place.
 G = Mean time per level.
                   A        B        C        D        E       F      G
               +--------+--------+--------+--------+--------+-----+--------+
         Total |  19112 |  18219 |    893 |   5660 |   8006 |  21 |  910.1 |
       Dungeon |  12380 |  11637 |    743 |   3895 |   5077 |  13 |  952.3 |
        Temple |      5 |      2 |      3 |      0 |      0 |   1 |    5.0 |
          Lair |   4182 |   4036 |    146 |    329 |   2504 |   5 |  836.4 |
        Bailey |    979 |    979 |      0 |    638 |    113 |   1 |  979.0 |
      Ice Cave |   1565 |   1565 |      0 |    796 |    311 |   1 | 1565.0 |
               +--------+--------+--------+--------+--------+-----+--------+

Top non-repeatable levels by time:
    D:11: 1696 daAuts
   IceCv: 1565 daAuts
     D:7: 1444 daAuts
  Lair:5: 1367 daAuts
    D:10: 1331 daAuts
     D:8: 1244 daAuts
     D:6: 1184 daAuts
     D:4: 1177 daAuts
    D:12: 1158 daAuts
  Lair:4: 987 daAuts
  Bailey: 979 daAuts
  Lair:2: 749 daAuts
     D:3: 666 daAuts
     D:5: 654 daAuts
     D:1: 634 daAuts
